AoeStats
← Crazy_Owl

Migration

507981144Analyzed
1v1 RM · 13d ago on Sep 20, 2026· 43m 45s· 2 players
Game mode
Random Map
Map size
132×132
Population
200
Speed
Normal
Resources
Standard
Victory
Conquest
Starting age
Dark Age
Ending age
Imperial Age
RankedLock teamsTeams togetherTeam positionsShared explorationLock speedFull tech treeHidden civsTurbo modeCheats
Victory
Defeat
🇳🇱 Goths · Netherlands
935
+14
🇵🇱 Cumans · Poland
892
-14
Mandelbrot
8:23 Loom
13:34 Feudal Age
14:26 Town Watch
16:09 Double-Bit Axe
20:38 Castle Age
19:53 Forging
19:33 Fletching
21:34 Bloodlines
22:19 Bow Saw
25:30 Horse Collar
26:05 Medium Warships
27:14 Wheelbarrow
28:25 Iron Casting
27:55 Scale Barding Armor
29:12 Bodkin Arrow
29:37 Clinker Construction
29:48 Ballistics
29:41 Careening
29:42 Clinker Construction
30:49 Scale Barding Armor
31:40 Man-at-Arms
32:25 Scale Mail Armor
33:27 Long Swordsman
34:12 Gold Mining
37:16 Squires
37:35 Chain Mail Armor
41:56 Imperial Age
39:43 Fishing Lines
40:08 Heated Shot
40:12 Capped Ram
42:14 Two-Handed Swordsman
43:57 Blast Furnace
44:09 Heavy Warships
44:53 Chemistry
Crazy_Owl
10:57 Feudal Age
11:25 Double-Bit Axe
11:21 Horse Collar
12:47 Wheelbarrow
12:40 Fishing Lines
17:16 Castle Age
17:59 Gillnets
19:22 Bow Saw
20:33 Gold Mining
24:49 Heavy Plow
25:30 Scale Mail Armor
25:21 Fletching
28:31 Chain Mail Armor
35:51 Imperial Age
33:07 Pikeman
34:03 Forging
34:30 Anarchy
35:04 Elite Skirmisher
35:46 Squires
36:48 Halberdier
38:42 Conscription
40:16 Bodkin Arrow
41:09 Iron Casting
40:25 Man-at-Arms
41:42 Bracer
43:23 Chemistry
42:44 Ballistics
42:20 Murder Holes
42:36 Masonry
43:17 Hand Cart
42:50 Loom
42:51 Town Watch
43:31 Long Swordsman
43:40 Long Swordsman
Connection lost

Rejoining the realm…

Still unreachable

The connection could not be restored.

Session expired

The server has moved on; the page needs a fresh start.